 Dungeon Crawl Stone Soup version 0.29.1-15-g9cfb28693d (webtiles) character file.

Game seed: 11281825883982638072

479 workbot the Poker (level 6, -1/51 HPs)
             Began as a Draconian Berserker on Feb 28, 2023.
             Was a Priest of Trog.
             Succumbed to a scorpion's poison
             ... on level 5 of the Dungeon.
             The game lasted 00:12:21 (4661 turns).

workbot the Poker (Draconian Berserker)             Turns: 4661, Time: 00:12:22

Health: -1/51      AC: 13    Str: 21 (22) XL:     6   Next: 86%
Magic:  6/6        EV: 12    Int:  6 (7)  God:    Trog [***...]
Gold:   220        SH:  0    Dex:  8      Spells: 5/5 levels left

rFire   . . .      SeeInvis .   a - +1 spear (protect)
rCold   . . .      Faith    .   (no shield)
rNeg    . . .      Spirit   .   (body armour unavailable)
rPois   .          Reflect  .   (helmet restricted)
rElec   .          Harm     .   (no cloak)
rCorr   .          Rampage  .   (no gloves)
Will    .....                   (no boots)
Stlth   +.........              (no amulet)
HPRegen 0.17/turn               (no ring)
MPRegen 0.10/turn               (no ring)

@: lethally poisoned (-1 -> -16), under a protective aura
A: AC +6, unfitting armour, cold-blooded, antennae 1, clumsy 1, MP-powered wands
a: Renounce Religion, Berserk, Trog's Hand


You were on level 5 of the Dungeon.
You worshipped Trog.
Trog was most pleased with you.
You visited 1 branch of the dungeon, and saw 5 of its levels.

You collected 220 gold pieces.

Inventory:

Hand Weapons
 a - a +1 spear of protection (weapon)
Armour
 c - a scarf of resistance
 l - a +0 pair of gloves
Jewellery
 d - an amulet of magic regeneration
 f - a ring of poison resistance
 j - an amulet of the acrobat
Scrolls
 g - 2 scrolls of enchant weapon
 h - 6 scrolls of identify
 k - a scroll of teleportation
Potions
 b - a potion of haste
 e - 3 potions of heal wounds
 i - a potion of ambrosia


   Skills:
 - Level 3.2 Fighting
 + Level 7.9 Polearms
 - Level 2.6 Dodging


You had 5 spell levels left.
You didn't know any spells.
Your spell library was empty.

Dungeon Overview and Level Annotations

Branches:
Dungeon (5/15)
 Temple: D:4-7

Altars:
Dithmenos
Trog
Uskayaw


Innate Abilities, Weirdness & Mutations

Your plain brown scales are hard. (AC +6)
You cannot fit into any form of body armour.
You are cold-blooded and may be slowed by cold attacks.
You have a pair of small antennae on your head.
You are clumsy. (Dex -2)
You expend magic power (3 MP) to strengthen your wands.


Message History

The scorpion is moderately wounded.
You feel very sick. The scorpion closely misses you.
You hit the scorpion but do no damage.
The scorpion is moderately wounded.
You feel sick.
The scorpion stings you but does no damage.
You hit the scorpion.
The scorpion is moderately wounded.
You feel very sick. The scorpion barely misses you.
You closely miss the scorpion.
The scorpion is moderately wounded.
You feel sick. The scorpion stings you.
* * * LOW HITPOINT WARNING * * *
You barely miss the scorpion.
The scorpion is moderately wounded.
You feel sick.
You hit the scorpion but do no damage.
The scorpion is moderately wounded.
* * * LOW HITPOINT WARNING * * *
You feel sick. The scorpion stings you.
* * * LOW HITPOINT WARNING * * *
You are lethally poisoned!
The scorpion poisons you!
You hit the scorpion.
The scorpion is heavily wounded.
* * * LOW HITPOINT WARNING * * *
You feel very sick. The scorpion completely misses you.
You hit the scorpion.
You tail-slap the scorpion, but do no damage.
The scorpion is severely wounded.
* * * LOW HITPOINT WARNING * * *
You feel very sick.
The scorpion stings you but does no damage.
You hit the scorpion.
You kill the scorpion!
Trog accepts your kill.
You die...

#..<#
#.#.#...#...###
##### #
#.....#...#
#.####..#.<.###
#..............
####.##.######.
........#
.....##.# #
.... #.#.####.
..> #@.......
.. #........ .
#......?#
..#+##### ###


There were no monsters in sight!

Vanquished Creatures
  An ogre (D:4)
  A scorpion (D:5)
  A necrophage (D:4)
  3 hounds
  2 orc priests
  2 orc wizards (D:4)
  3 adders
  4 worms
  2 dart slugs (D:4)
  13 orcs
  6 ball pythons
  4 bats
  8 endoplasms
  A giant cockroach (D:1)
  4 goblins
  5 hobgoblins
  6 jackals
  3 quokkas
  6 frilled lizards
  6 kobolds
  4 rats
85 creatures vanquished.

Vanquished Creatures (others)
  6 demonic plants (D:2)
  3 fungi (D:2)
  7 plants (D:2)
  2 withered plants (D:2)
18 creatures vanquished.

Grand Total: 103 creatures vanquished

Notes
Turn   | Place    | Note
-------+----------+-------------------------------------------
     0 | D:1      | workbot the Draconian Berserker began the quest for the
                  | Orb.
     0 | D:1      | Reached XP level 1. HP: 19/19 MP: 1/1
   444 | D:1      | Reached XP level 2. HP: 26/26 MP: 2/2
  1102 | D:2      | Reached skill level 4 in Polearms
  1357 | D:2      | Reached XP level 3. HP: 31/31 MP: 3/3
  1532 | D:2      | Reached ** piety under Trog
  1540 | D:2      | Found a faded altar of an unknown god.
  1782 | D:2      | Found a bloodstained altar of Trog.
  2014 | D:3      | Gained mutation: You are clumsy. (Dex -2) [potion of
                  | mutation]
  2014 | D:3      | Gained mutation: You expend magic power (3 MP) to
                  | strengthen your wands. [potion of mutation]
  2014 | D:3      | Gained mutation: You have a pair of small antennae on your
                  | head. [potion of mutation]
  2064 | D:3      | Reached skill level 5 in Polearms
  2064 | D:3      | Reached XP level 4. HP: 38/38 MP: 4/4
  2303 | D:3      | Found a hide-covered altar of Uskayaw.
  2305 | D:3      | Found a shadowy altar of Dithmenos.
  3280 | D:4      | Reached XP level 5. HP: 45/45 MP: 5/5
  3490 | D:4      | Noticed an ogre
  3498 | D:4      | Killed an ogre
  3499 | D:4      | Reached skill level 6 in Polearms
  3626 | D:4      | Reached XP level 6. HP: 51/51 MP: 6/6
  3683 | D:4      | Reached skill level 7 in Polearms
  4167 | D:4      | Reached *** piety under Trog
  4582 | D:5      | Entered Level 5 of the Dungeon
  4660 | D:5      | HP: 2/51 [poisoned by a scorpion]
  4661 | D:5      | Succumbed to a scorpion's poison

Illustrated notes

Levels and vault maps discovered:
D:1:      matt_arrival_spirals, layout_loops_corners
D:2:      layout_loops_corners, shapermc_ecumenical_altar_gd, basic_altar
D:3:      layout_loops_corners, minitemple, kennysheep_generic_room_7
D:4:      layout_basic, minmay_misc_feat_tiny, minmay_ruptured
D:5:      layout_basic, serial_shops, nicolae_shop_behind_doors, chequers_jeans,
          uniq_duvessa, uniq_crazy_yiuf_cottage, uniq_grinder,
          uniq_prince_ribbit1

Skill      XL: |  1  2  3  4  5  6 |
---------------+-------------------+-----
Polearms       | 4 5 6 7 |  7.9
Fighting       | |  3.2
Dodging        | |  2.6

Action                   |  1- 3 |  4- 6 || total
-------------------------+-------+-------++-------
Melee: Spear             |   147 |   178 ||   325
       Tailslap          |     8 |    21 ||    29
       Punch             |     2 |     1 ||     3
Invok: Berserk           |       |     4 ||     4
  Use: Scroll            |     6 |     2 ||     8
       Potion            |     4 |     1 ||     5
 Stab: Sleeping          |     2 |       ||     2
Armor: Skin              |    43 |    29 ||    72
Dodge: Dodged            |    65 |    49 ||   114
